 Dungeon Crawl Stone Soup version 0.31-a0-640-g39d97e502b (webtiles) character file.

Game seed: 7450594054023058495

8 qw the Shooter (level 2, 0/17 HPs)
             Began as a Gargoyle Hunter on Aug 27, 2023.
             Slain by a frilled lizard (3 damage)
             ... on level 1 of the Dungeon.
             The game lasted 00:00:06 (136 turns).

qw the Shooter (Gargoyle Hunter)                     Turns: 136, Time: 00:00:07

Health: 0/17       AC:  5    Str: 14    XL:     2   Next: 8%
Magic:  2/2        EV: 11    Int:  9    God:
Gold:   0          SH:  0    Dex: 13    Spells: 1/1 levels left

rFire   . . .        a - +0 shortbow
rCold   . . .        (shield currently unavailable)
rNeg    + . .        c - +0 leather armour
rPois   inf          (no helmet)
rElec   +            (no cloak)
rCorr   .            (no gloves)
SInv    .            (no boots)
Will    .....        (no amulet)
Stlth   +            (no ring)
HPRegen 0.22/turn    (no ring)
MPRegen 0.08/turn

%: no passive effects
@: no status effects
A: sickness immunity, AC +2, negative energy resistance 1, electricity
resistance, torment resistance 1, petrification resistance
a: no special abilities


You were on level 1 of the Dungeon.
You visited 1 branch of the dungeon, and saw 1 of its levels.


Innate Abilities, Weirdness & Mutations

You are immune to sickness and miasma.
Your stone body is resilient. (AC +2)
You are immune to poison.
You resist negative energy. (rN+)
You are resistant to electric shocks. (rElec)
You are resistant to unholy torment.
You are immune to petrification.


   Skills:
 - Level 2.1 Fighting
 + Level 4.4 Ranged Weapons
 - Level 1.5 Dodging
 - Level 1.1 Stealth


You had one spell level left.
You didn't know any spells.
Your spell library was empty.

Inventory:

Hand Weapons
 a - a +0 shortbow (weapon)
Armour
 c - a +0 leather armour (worn)
Scrolls
 b - a scroll of butterflies
 e - 2 scrolls of identify {unknown}
Potions
 d - a potion of brilliance {unknown}

Dungeon Overview and Level Annotations

Branches:
Dungeon (1/15)

Altars:


Message History

The arrow barely misses the frilled lizard.
The frilled lizard bites you. x2
You shoot an arrow.
The arrow completely misses the frilled lizard.
The frilled lizard bites you but does no damage.
The frilled lizard barely misses you.
You shoot an arrow.
The arrow closely misses the frilled lizard.
The frilled lizard closely misses you. x2
You shoot an arrow. The arrow misses the frilled lizard.
The frilled lizard closely misses you. The frilled lizard bites you.
A frilled lizard comes into view.
The frilled lizard bites you but does no damage.
The frilled lizard bites you.
You shoot an arrow.
The arrow closely misses the frilled lizard.
The frilled lizard hisses angrily.
The frilled lizard bites you.
The frilled lizard unfolds its giant frill.
The frilled lizard closely misses you.
You shoot an arrow.
The arrow closely misses the frilled lizard.
The frilled lizard bites you but does no damage.
The frilled lizard unfolds its giant frill.
The frilled lizard closely misses you.
You shoot an arrow. The arrow misses the frilled lizard.
The frilled lizard bites you but does no damage.
The frilled lizard bites you.
You shoot an arrow. The arrow hits the frilled lizard.
The frilled lizard is heavily wounded.
The frilled lizard closely misses you. The frilled lizard bites you.
The frilled lizard misses you.
You shoot an arrow.
The arrow closely misses the frilled lizard.
The frilled lizard barely misses you. The frilled lizard misses you.
The frilled lizard closely misses you.
You shoot an arrow.
The arrow closely misses the frilled lizard.
The frilled lizard bites you.
You die...

#####.......# #...#
#.####### #...#
#...# ### #...#
..#####...##
#.##..>....#
####.##.#.....#
#..l.##..###..#
#@....# .....
......ll##..# ...##
####.#####.#......#
.. #........# ..~
.####...## .~ .
.### . #. . #. .


You could see 3 frilled lizards.

Vanquished Creatures
  2 kobolds (D:1)
  A ball python (D:1)
  2 bats (D:1)
  6 frilled lizards (D:1)
11 creatures vanquished.

Notes
Turn   | Place    | Note
-------+----------+-------------------------------------------
     0 | D:1      | qw the Gargoyle Hunter began the quest for the Orb.
     0 | D:1      | Reached XP level 1. HP: 12/12 MP: 1/1
     0 | D:1      | 0 ||| qw: Version: 0.3-a-74-g56b0e0c
     0 | D:1      | 0 ||| qw: Game counter: 9
     0 | D:1      | 0 ||| qw: Melee chars always use a shield: true
     0 | D:1      | 0 ||| qw: God list: Okawaru
     0 | D:1      | 0 ||| qw: Allow faded altars: false
     0 | D:1      | 0 ||| qw: Do Orc after clearing Dungeon:15 true
     0 | D:1      | 0 ||| qw: Do second Lair branch before Depths: true
     0 | D:1      | 0 ||| qw: Lair rune preference: random
     0 | D:1      | 0 ||| qw: Goals: Normal
     0 | D:1      | 0 ||| PLANNING D:1-11
   119 | D:1      | Reached XP level 2. HP: 17/17 MP: 2/2
   133 | D:1      | HP: 4/17 [frilled lizard (1)]
   136 | D:1      | Slain by a frilled lizard

Levels and vault maps discovered:
D:1:      tarquinn_simple_flora_water_d, layout_loops_cross,
          basic_ecumenical_altar, minmay_lizard_pond

Action                     || total
---------------------------++-------
   Fire: Shortbow          ||    42
 Armour: Leather armour    ||    10
  Dodge: Dodged            ||    26

Table legend:
 A = Non-vault XP
 B = Vault XP
 C = Vault XP percentage of total XP
 D = Non-vault monster count
 E = Vault monster count
 F = Vault count percentage of total count
                 A         B        C        D         E       F
            +---------+---------+-------+---------+---------+-------
      Total |       7 |       5 |  41.7 |       6 |       5 |  45.5
            +---------+---------+-------+---------+---------+-------
        D:1 |       7 |       5 |  41.7 |       6 |       5 |  45.5
            +---------+---------+-------+---------+---------+-------
